AoeStats
← SfL13

Black Forest

506840938Analyzed
1v1 RM · 16d ago on Sep 15, 2026· 27m 16s· 2 players
Game mode
Random Map
Map size
Tiny (2 player)
Population
200
Speed
Normal
Resources
Standard
Victory
Conquest
Starting age
Dark Age
Ending age
Imperial Age
RankedLock teamsTeams togetherTeam positionsShared explorationLock speedFull tech treeHidden civsTurbo modeCheats
Victory
Defeat
🇿🇦 Japanese · South Africa
910
+17
🇩🇪 Turks · Germany
921
-17
SfL13
12:21 Feudal Age
12:51 Arson
14:36 Double-Bit Axe
17:28 Castle Age
16:44 Horse Collar
21:16 Loom
25:07 Scale Mail Armor
Orange_Samo
2:53 Loom
14:18 Feudal Age
15:14 Man-at-Arms
22:52 Bloodlines
26:46 Horse Collar
Connection lost

Rejoining the realm…

Still unreachable

The connection could not be restored.

Session expired

The server has moved on; the page needs a fresh start.